 Dungeon Crawl Stone Soup version 0.31-a0-229-g1fc7ce93e2 (webtiles) character file.

Game seed: 17202876268518503033

259 qw the Shooter (level 5, -1/45 HPs)
             Began as a Minotaur Hexslinger on July 6, 2023.
             Slain by Ijyb
             ... wielding a +0 club
              (4 damage)
             ... on level 4 of the Dungeon.
             The game lasted 00:01:16 (3087 turns).

qw the Shooter (Minotaur Hexslinger)                Turns: 3087, Time: 00:01:17

Health: -1/45      AC: -1    Str: 13    XL:     5   Next: 94%
Magic:  5/5        EV: 11    Int: 10    God:
Gold:   172        SH:  0    Dex: 14    Spells: 5/6 levels left

rFire   . . .        Y - +2 sling
rCold   . . .        (no shield)
rNeg    . . .        b - +0 ring mail
rPois   .            (helmet restricted)
rElec   .            (no cloak)
rCorr   .            (no gloves)
SInv    .            j - +0 pair of boots
Will    .....        k - amulet of regeneration
Stlth   +            (no ring)
HPRegen 1.07/turn    (no ring)
MPRegen 0.09/turn

%: no passive effects
@: corroded
A: horns 2, retaliatory headbutt
a: no special abilities


You were on level 4 of the Dungeon.
You visited 1 branch of the dungeon, and saw 4 of its levels.

You collected 172 gold pieces.


Innate Abilities, Weirdness & Mutations

You have a pair of horns on your head.
You reflexively headbutt those who attack you in melee.


   Skills:
 + Level 3.2 Fighting
 - Level 6.0 Ranged Weapons
 - Level 1.6 Armour
 - Level 2.1 Dodging
 - Level 1.0 Spellcasting
 - Level 2.0 Hexes


You had 5 spell levels left.
You knew the following spells:

 Your Spells              Type           Power      Damage    Failure   Level
a - Slow                  Hex            16%        N/A       32%         1

Your spell library contained the following spells:

 Spells                   Type           Power      Damage    Failure   Level
 Inner Flame              Hex/Fire       2%         N/A       82%         3
 Portal Projectile        Hex/Tloc       4%         N/A       82%         3
 Cause Fear               Hex            2%         N/A       97%         4

Inventory:

Hand Weapons
 Y - a +2 sling (weapon)
Armour
 b - a +0 ring mail (worn)
 j - a +0 pair of boots (worn)
Jewellery
 k - an amulet of regeneration (around neck)
Scrolls
 g - a scroll of identify
Potions
 a - 2 potions of curing
 e - a potion of might
 f - a potion of enlightenment
 i - a potion of degeneration {unknown}

Dungeon Overview and Level Annotations

Branches:
Dungeon (4/15)
 Temple: D:4-7

Altars:
Qazlal
Ru
Zin

Annotations:
D:4 Ijyb


Message History

Ijyb zaps a wand.
The bolt of acid hits you! The acid corrodes you!
You shoot a sling bullet.
The sling bullet hits Ijyb but does no damage.
Ijyb is moderately wounded.
Ijyb zaps a wand.
The bolt of acid hits you!
3078 ||| DRINKING potion of heal wounds.
You feel much better.
Ijyb zaps a wand.
The bolt of acid misses you.
The now-empty wand crumbles to dust.
You shoot a sling bullet.
The sling bullet hits Ijyb but does no damage.
Ijyb is moderately wounded.
You shoot a sling bullet.
The sling bullet hits Ijyb but does no damage.
Ijyb is moderately wounded.
You shoot a sling bullet. The sling bullet closely misses Ijyb.
Ijyb hits you with a +0 club.
You shoot a sling bullet. The sling bullet hits Ijyb.
Ijyb is heavily wounded.
Ijyb hits you with a +0 club! x2
You shoot a sling bullet. The sling bullet closely misses Ijyb.
Ijyb closely misses you. You furiously retaliate!
You headbutt Ijyb, but do no damage. You shoot a sling bullet.
The sling bullet hits Ijyb but does no damage.
Ijyb is heavily wounded.
Ijyb hits you with a +0 club.
You shoot a sling bullet.
The sling bullet hits Ijyb but does no damage.
Ijyb is heavily wounded.
Ijyb hits you with a +0 club.
You shoot a sling bullet.
The sling bullet hits Ijyb but does no damage.
Ijyb is heavily wounded.
Ijyb misses you.
You shoot a sling bullet.
The sling bullet hits Ijyb but does no damage.
Ijyb is heavily wounded.
Ijyb hits you with a +0 club.
You die...

.# ## ## .. .. . .# .#.#
#..#
#.#####..####.#######
#.....)@g...[......##.##
#######.#####.##(#......
#.# #..........### #.#
#.#.##........
###.###.#.##.###....
#.....#.#.##.######.
#...................
#.........##.#####..
#.........##.## #..


You could see Ijyb.

Vanquished Creatures
  An orc priest (D:3)
  An orc wizard (D:4)
  Robin (D:4)
  5 gnolls
  3 adders
  3 dart slugs
  13 orcs
  11 ball pythons
  6 endoplasms
  5 giant cockroaches
  12 goblins
  7 hobgoblins
  4 jackals (D:3)
  3 quokkas
  5 bats
  5 frilled lizards
  8 kobolds
  8 rats
101 creatures vanquished.

Notes
Turn   | Place    | Note
-------+----------+-------------------------------------------
     0 | D:1      | qw the Minotaur Hexslinger began the quest for the Orb.
     0 | D:1      | Reached XP level 1. HP: 16/16 MP: 1/1
     0 | D:1      | 0 ||| qw: Version: 0.3-a-46-gb1f654a
     0 | D:1      | 0 ||| qw: Game counter: 1251
     0 | D:1      | 0 ||| qw: Melee chars always use a shield: true
     0 | D:1      | 0 ||| qw: God list: Okawaru
     0 | D:1      | 0 ||| qw: Allow faded altars: false
     0 | D:1      | 0 ||| qw: Do Orc after clearing Dungeon:15 true
     0 | D:1      | 0 ||| qw: Do second Lair branch before Depths: true
     0 | D:1      | 0 ||| qw: Lair rune preference: random
     0 | D:1      | 0 ||| qw: Goals: Normal
     0 | D:1      | 0 ||| PLANNING D:1-11
   146 | D:1      | Reached skill level 3 in Ranged Weapons
   147 | D:1      | Reached XP level 2. HP: 23/23 MP: 2/2
   212 | D:1      | 212 ||| FLEEEEING.
   213 | D:1      | 213 ||| FLEEEEING.
   214 | D:1      | 214 ||| FLEEEEING.
   215 | D:1      | 215 ||| FLEEEEING.
   216 | D:1      | 216 ||| FLEEEEING.
   217 | D:1      | 217 ||| FLEEEEING.
   218 | D:1      | 218 ||| FLEEEEING.
   221 | D:1      | 221 ||| FLEEEEING.
   222 | D:1      | 222 ||| FLEEEEING.
   223 | D:1      | 223 ||| FLEEEEING.
   224 | D:1      | 224 ||| FLEEEEING.
   225 | D:1      | 225 ||| FLEEEEING.
   226 | D:1      | 226 ||| FLEEEEING.
   227 | D:1      | 227 ||| FLEEEEING.
   337 | D:1      | Reached XP level 3. HP: 30/30 MP: 3/3
   474 | D:1      | Found a faded altar of an unknown god.
   754 | D:1      | 754 ||| UPGRADING to +0 pair of boots.
   759 | D:1      | 759 ||| UPGRADING to amulet of regeneration.
   764 | D:1      | 764 ||| READING scroll labelled OPHI BIKHAU.
   765 | D:1      | 765 ||| READING 2 scrolls labelled JOKAMO LYLAUG.
   766 | D:1      | 766 ||| DROPPING scroll of poison.
  1125 | D:2      | Reached skill level 4 in Ranged Weapons
  1248 | D:2      | Found a stormy altar of Qazlal.
  1545 | D:2      | 1545 ||| READING scroll labelled KYNOM LESTRAOTEM.
  1646 | D:2      | 1646 ||| READING scroll labelled BEXZEOLAFO.
  1647 | D:2      | 1647 ||| DRINKING 3 fizzy orange potions.
  1648 | D:2      | 1648 ||| DRINKING 2 silvery potions.
  1649 | D:2      | 1649 ||| DRINKING 2 purple potions.
  1650 | D:2      | 1650 ||| DRINKING 2 brown potions.
  1674 | D:2      | 1674 ||| DROPPING potion of magic.
  1675 | D:2      | 1675 ||| DROPPING potion of lignification.
  1730 | D:3      | Reached XP level 4. HP: 32/37 MP: 4/4
  2001 | D:3      | Reached skill level 5 in Ranged Weapons
  2192 | D:3      | Found a glowing silver altar of Zin.
  2255 | D:3      | Reached skill level 3 in Fighting
  2258 | D:3      | Reached XP level 5. HP: 45/45 MP: 5/5
  2573 | D:3      | 2573 ||| UPGRADING to +0 ring mail.
  2583 | D:3      | 2583 ||| DROPPING +0 robe.
  2584 | D:3      | 2584 ||| READING scroll labelled ZIGEYNO XIOR.
  2585 | D:3      | 2585 ||| READING scroll labelled CISYIZX BUORU.
  2586 | D:3      | 2586 ||| READING 3 scrolls of identify.
  2586 | D:3      | 2586 ||| IDENTIFYING fizzy dark potion
  2587 | D:3      | 2587 ||| READING 2 scrolls of identify.
  2587 | D:3      | 2587 ||| IDENTIFYING white potion
  2651 | D:4      | Reached skill level 1 in Armour
  2782 | D:4      | Found a sacrificial altar of Ru.
  2811 | D:4      | Noticed Robin
  2818 | D:4      | Killed Robin
  2819 | D:4      | 2819 ||| FLEEEEING.
  2962 | D:4      | Reached skill level 6 in Ranged Weapons
  3071 | D:4      | Noticed Ijyb
  3077 | D:4      | HP: 6/45 [Ijyb/bolt of acid (12)]
  3078 | D:4      | 3078 ||| DRINKING potion of heal wounds.
  3082 | D:4      | HP: 8/45 [Ijyb/+0 club (7)]
  3085 | D:4      | HP: 1/45 [Ijyb/+0 club (6)]
  3087 | D:4      | Slain by Ijyb

Levels and vault maps discovered:
D:1:      matt_arrival_refuge, layout_basic,
          shapermc_ecumenical_altar_notcrosses, nicolae_grassy_gnolls
D:2:      layout_basic, basic_altar, minmay_cupped
D:3:      layout_basic, old_standard_altar, st_stairs_5
D:4:      layout_loops_ring, nicolae_ru_the_path_less_chosen, uniq_robin,
          uniq_ijyb

Skill      XL: |  1  2  3  4  5 |
---------------+----------------+-----
Ranged Weapons | 3 4 5 6 |  6.0
Fighting       | 2 3 |  3.2
Armour         | 1 |  1.6
Dodging        | |  2.1
Spellcasting   | |  1.0
Hexes          | |  2.0

Action                     |  1- 3 |  4- 6 || total
---------------------------+-------+-------++-------
   Fire: Sling             |   120 |   180 ||   300
    Use: Scroll            |     4 |     4 ||     8
         Potion            |     4 |     1 ||     5
 Armour: Robe              |     6 |    13 ||    19
         Ring mail         |       |    10 ||    10
  Dodge: Dodged            |    17 |    49 ||    66

Table legend:
 A = Non-vault XP
 B = Vault XP
 C = Vault XP percentage of total XP
 D = Non-vault monster count
 E = Vault monster count
 F = Vault count percentage of total count
                 A         B        C        D         E       F
            +---------+---------+-------+---------+---------+-------
      Total |     322 |      48 |  13.0 |      89 |      12 |  11.9
            +---------+---------+-------+---------+---------+-------
        D:1 |      39 |      14 |  26.4 |      24 |       1 |   4.0
        D:2 |      31 |       4 |  11.4 |      12 |       2 |  14.3
        D:3 |     142 |       4 |   2.7 |      29 |       2 |   6.5
        D:4 |     110 |      26 |  19.1 |      24 |       7 |  22.6
            +---------+---------+-------+---------+---------+-------
